 Dungeon Crawl Stone Soup version 0.28.0-43-g3370ac3207 (webtiles) character file.

Game seed: 14505548109933212422

927 choreboyy the Covert (level 7, 0/38 HPs)
             Began as a Spriggan Delver on Mar 30, 2022.
             Was an Initiate of Dithmenos.
             Slain by a yak (6 damage)
             ... on level 5 of the Dungeon.
             The game lasted 00:15:22 (4457 turns).

choreboyy the Covert (Spriggan Delver)              Turns: 4457, Time: 00:15:23

Health: 0/38       AC:  6    Str:  8    XL:     7   Next: 85%
Magic:  8/8        EV: 21    Int: 12    God:    Dithmenos [......]
Gold:   176        SH:  0    Dex: 18    Spells: 5/6 levels left

rFire   . . .      SeeInvis +   a - +1 short sword
rCold   . . .      Faith    .   (no shield)
rNeg    . . .      Spirit   .   b - +0 robe
rPois   .          Reflect  .   (helmet restricted)
rElec   .          Harm     .   (no cloak)
rCorr   .          Rampage  .   (gloves unavailable)
Will    +....                   (boots unavailable)
Stlth   +++++.....              y - amulet of the acrobat
HPRegen 0.12/turn               h - +4 ring of slaying
MPRegen 0.11/turn               k - +4 ring of protection

@: about to teleport, very quick
A: very small, no large weapons, unfitting armour, see invisible, speed 3
a: Renounce Religion


You were on level 5 of the Dungeon.
You worshipped Dithmenos.
Dithmenos was noncommittal.
You visited 2 branches of the dungeon, and saw 6 of its levels.

You collected 176 gold pieces.

Inventory:

Hand Weapons
 a - a +1 short sword (weapon)
Armour
 b - a +0 robe (worn)
Jewellery
 h - a +4 ring of slaying (left hand)
 k - a +4 ring of protection (right hand)
 q - a +4 ring of protection
 y - an amulet of the acrobat (around neck)
 B - a +6 ring of intelligence
Wands
 g - a wand of digging (3)
Scrolls
 c - 2 scrolls of fog
 d - a scroll of magic mapping
 e - 2 scrolls of fear
 i - a scroll of holy word {unknown}
 m - a scroll of amnesia {unknown}
 o - a scroll of enchant armour {unknown}
 s - a scroll of teleportation
 t - a scroll of enchant weapon
 u - a scroll of acquirement {unknown}
 w - a scroll of blinking {unknown}
 A - 2 scrolls of noise
Potions
 f - 2 potions of haste
 j - 2 potions of berserk rage
 l - a potion of attraction {unknown}
 n - a potion of curing
 p - a potion of magic {unknown}
 r - a potion of might
 v - a potion of flight {unknown}
 x - a potion of cancellation {unknown}
 z - a potion of brilliance {unknown}
 C - a potion of ambrosia


   Skills:
 + Level 4.4 Fighting
 + Level 5.3 Short Blades
 + Level 6.4 Dodging
 + Level 10.1 Stealth


You had 5 spell levels left.
You knew the following spells:

 Your Spells              Type           Power      Damage    Failure   Level
a - Slow                  Hex            0%         N/A       32%         1

Your spell library contained the following spells:

 Spells                   Type           Power      Damage    Failure   Level
 Anguish                  Hex/Necr       0%         N/A       97%         4


Dungeon Overview and Level Annotations

Branches:
Dungeon (5/15)             Temple (1/1) D:5

Altars:
Cheibriados
Dithmenos
Elyvilon
Fedhas
Gozag
Hepliaklqana
Kikubaaqudgha
Makhleb
Nemelex Xobeh
Okawaru
Qazlal
Ru
Sif Muna
Trog
Uskayaw
Wu Jian
Xom
Yredelemnul
Zin

Shops:
D:4 :


Innate Abilities, Weirdness & Mutations

You are very small and have problems with some larger weapons.
You are too small for most types of armour.
You have supernaturally acute eyesight. (SInv)
You cover ground extremely quickly. (Speed+++)


Message History

A yak comes into view.
The yak moves out of view.
You closely miss the orc. The orc hits you but does no damage.
An orc comes into view. It is wielding a +0 dagger.
The orc shouts!
The orc moves out of view.
Found an iron altar of Okawaru.
You hit the orc.
The orc is moderately wounded.
You barely miss the orc.
The orc is moderately wounded.
The orc closely misses you.
You hit the orc.
The orc is severely wounded.
The orc hits you with a +0 dagger.
You puncture the orc!
You kill the orc!
Dithmenos accepts your kill.
You hit the yak but do no damage. You punch the yak.
The yak is lightly wounded.
You hit the yak.
The yak is lightly wounded.
The yak gores you!
As you read the scroll of teleportation, it crumbles to dust.
You feel strangely unstable. The yak gores you but does no damage.
You hit the scorpion zombie.
The scorpion zombie is lightly damaged.
The scorpion zombie hits you.
You puncture the scorpion zombie!
The scorpion zombie is moderately damaged.
The yak misses you. The scorpion zombie closely misses you.
You barely miss the scorpion zombie.
The scorpion zombie is moderately damaged.
The yak gores you!
* * * LOW HITPOINT WARNING * * *
The scorpion zombie closely misses you.
You hit the scorpion zombie.
The scorpion zombie is moderately damaged.
The yak gores you.
You die...

. #############.........
..#...............######
......#............#
#.....#.#####.#.#..#
##.._.#.# #.#.#.....
#.....g# #...(.....
.....##)# #.#.##.##..
#... #g#####.#.# .# ##
### #oY@Z....).
###########


You could see a yak, a gnoll sergeant, an orc and a scorpion zombie.

Vanquished Creatures
  An unseen horror (D:5)
  Menkaure (D:4)
  A water moccasin (D:5)
  A phantom (D:5)
  A scorpion (D:4)
  3 hounds
  Jessica (D:2)
  An orc wizard (D:4)
  7 adders
  An ufetubus (D:5)
  2 dart slugs
  4 orcs
  9 bats
  8 endoplasms
  2 giant cockroaches
  7 goblins
  3 hobgoblins
  5 quokkas
  6 ball pythons
  5 frilled lizards
  5 kobolds
  7 rats
81 creatures vanquished.

Notes
Turn   | Place    | Note
-------+----------+-------------------------------------------
     0 | D:5      | choreboyy the Spriggan Delver began the quest for the Orb.
     0 | D:5      | Reached XP level 1. HP: 11/11 MP: 2/2
     7 | D:5      | Noticed a hound
    17 | D:4      | Noticed a scorpion
   313 | D:1      | Found a faded altar of an unknown god.
   402 | D:1      | Reached XP level 2. HP: 16/16 MP: 3/3
   867 | D:1      | Reached XP level 3. HP: 19/19 MP: 4/4
  1860 | D:2      | Reached XP level 4. HP: 21/23 MP: 5/5
  1969 | D:2      | Noticed Jessica
  1979 | D:2      | Killed Jessica
  1980 | D:2      | Reached skill level 8 in Stealth
  2473 | D:3      | Reached XP level 5. HP: 25/28 MP: 6/6
  2928 | D:4      | Noticed Menkaure
  2935 | D:4      | Killed Menkaure
  2936 | D:4      | Reached XP level 6. HP: 32/32 MP: 7/7
  2991 | D:4      | Got the Compendium of Hexes
  3009 | D:4      | Found Rayf's Book Boutique.
  3017 | D:4      | Learned a level 1 spell: Slow
  3111 | D:4      | Reached skill level 5 in Dodging
  3223 | D:4      | Reached skill level 9 in Stealth
  4074 | D:5      | Found an iron altar of Okawaru.
  4103 | D:5      | Noticed a water moccasin
  4106 | D:5      | Killed a water moccasin
  4107 | D:5      | Reached XP level 7. HP: 37/37 MP: 8/8
  4109 | D:5      | Found a staircase to the Ecumenical Temple.
  4118 | Temple   | Entered the Ecumenical Temple
  4194 | Temple   | Became a worshipper of Dithmenos the Shadowed
  4313 | D:5      | Noticed an unseen horror
  4341 | D:5      | Killed an unseen horror
  4342 | D:5      | Reached skill level 5 in Short Blades
  4426 | D:5      | Reached skill level 10 in Stealth
  4436 | D:5      | Noticed a yak
  4441 | D:5      | Found an iron altar of Okawaru.
  4457 | D:5      | Slain by a yak

Illustrated notes

Levels and vault maps discovered:
D:1:      zelgadis_glass_arrival_small, layout_basic,
          shapermc_ecumenical_altar_notcrosses
D:2:      layout_basic, uniq_jessica
D:3:      layout_loops_cross
D:4:      layout_basic, serial_shops, nicolae_shop_behind_doors, uniq_menkaure
D:5:      layout_loops_ring, okawaru_ov_weapons_minmay,
          minmay_temple_entry_gardened_gates, hangedman_feature_mirror,
          kennysheep_potato
Temple:   compressed_dpeg_circular_temple

Skill      XL: |  1  2  3  4  5  6  7 |
---------------+----------------------+-----
Dodging        | 3 4 5 6 |  6.4
Short Blades   | 3 4 5 |  5.3
Fighting       | 3 4 |  4.4
Stealth        | 8 9 10 | 10.1

Action                   |  1- 3 |  4- 6 |  7- 9 || total
-------------------------+-------+-------+-------++-------
Melee: Short sword       |    85 |   101 |    29 ||   215
       Punch             |     1 |     2 |     1 ||     4
  Use: Scroll            |       |       |     4 ||     4
       Potion            |       |       |     4 ||     4
 Stab: Sleeping          |    19 |    14 |     3 ||    36
Armor: Robe              |    16 |    10 |     3 ||    29
Dodge: Dodged            |    47 |    58 |    24 ||   129
